 Dungeon Crawl Stone Soup version 0.17.1-1-g73c8601 (webtiles) character file.

7293 abixa the Basher (level 11, -12/120 HPs)
             Began as an Ogre Skald on Jan 4, 2016.
             Was a High Priest of Okawaru.
             Killed from afar by an ice statue (27 damage)
             ... with a bolt of cold
             ... in an ice cave.
             The game lasted 00:47:31 (14549 turns).

abixa the Basher (Ogre Skald)                      Turns: 14549, Time: 00:47:32

Health: -12/120    AC:  5    Str: 19    XL:     11   Next: 13%
Magic:  8/15       EV: 10    Int: 14    God:    Okawaru [*****.]
Gold:   513        SH:  0    Dex:  9    Spells: 6 memorised, 1 level left

rFire  . . .     SeeInvis .     I - +3 morningstar (curse)
rCold  . . .     Clarity  .     b - +0 robe
rNeg   . . .     SustAt   .     (no shield)
rPois  .         Gourm    .     (helmet restricted)
rElec  .         Spirit   .     (no cloak)
rCorr  .         Warding  .     (gloves unavailable)
rMut   .         Stasis   .     (boots unavailable)
MR     +....                    (no amulet)
Stlth  +.........               q - +2 ring of protection
                                L - ring of wizardry

@: infused (expiring), somewhat resistant to hostile enchantments, very
unstealthy
A: unfitting armour, tough skin 1
a: Heroism, Finesse, Renounce Religion


You were in an ice cave.
You worshipped Okawaru.
Okawaru was extremely pleased with you.
You were not hungry.

You visited 3 branches of the dungeon, and saw 14 of its levels.
You also visited: Ice Cave.

You collected 648 gold pieces.
You spent 135 gold pieces at shops.

Inventory:

Hand Weapons
 G - a +0 dire flail
 I - a cursed +3 morningstar (weapon)
Missiles
 l - 144 stones
 m - 5 tomahawks (quivered)
Armour
 b - a +0 robe (worn)
Magical Staves
 F - an uncursed staff of wizardry
Jewellery
 f - a +5 ring of intelligence
 q - a +2 ring of protection (right hand)
 u - an uncursed ring of teleportation
 L - a ring of wizardry (left hand)
 V - an uncursed ring of stealth
Wands
 J - a wand of disintegration (14)
 U - a wand of enslavement (6)
Scrolls
 a - 6 scrolls of teleportation
 e - a scroll of recharging {unknown}
 j - 4 scrolls of remove curse
 o - 2 scrolls of amnesia
 p - 4 scrolls of immolation
 w - a scroll of enchant weapon {unknown}
 C - a scroll of enchant armour {unknown}
 H - a scroll of magic mapping {unknown}
 N - a scroll of fear {unknown}
Potions
 i - 3 potions of haste
 r - 2 potions of brilliance {unknown}
 t - 2 potions of flight {unknown}
 v - 2 potions of might
 z - a potion of invisibility {unknown}
 A - 2 potions of curing
 B - a potion of cancellation {unknown}
 D - a potion of berserk rage {unknown}
 E - 4 potions of heal wounds
 K - a potion of poison {unknown}
 M - a potion of mutation {unknown}
 Q - a potion of lignification {unknown}
Comestibles
 c - 4 chunks of flesh
 P - 4 fruits
 R - 2 beef jerkies
 S - 2 royal jellies


   Skills:
 - Level 11.4 Fighting
 - Level 14.6 Maces & Flails
 - Level 3.1 Dodging
 - Level 3.0 Spellcasting
 + Level 5.1 Hexes
 - Level 3.0 Charms
 - Level 2.0 Invocations


You had one spell level left.
You knew the following spells:

 Your Spells              Type           Power        Failure   Level  Hunger
a - Infusion              Chrm           ##....       4%          1    #......
b - Song of Slaying       Chrm           ##......     4%          2    ##.....
c - Shroud of Golubria    Chrm/Tloc      #.........   9%          2    ##.....
d - Spectral Weapon       Hex/Chrm       ##......     6%          3    ###....
e - Regeneration          Chrm/Necr      #.........   16%         3    ###....
f - Cause Fear            Hex            ###.......   12%         4    #####..


Dungeon Overview and Level Annotations

Branches:
Dungeon (12/15)            Temple (1/1) D:5            Lair (1/8) D:11
    Orc (0/4) D:11

Altars:
Ashenzari
Cheibriados
Dithmenos
Elyvilon
Fedhas
Gozag
Makhleb
Okawaru
Qazlal
Ru
Sif Muna
Trog
Vehumet
Xom
Zin
The Shining One
Beogh

Shops:
D:5 *   D:11 *

Annotations:
D:8 Erica; JustSomeDude's ghost, novice DsMo IceCv exclusion: ice statue


Innate Abilities, Weirdness & Mutations

You are too large for most types of armour.
You have tough skin (AC +1).


Message History

Your spectral weapon shares its damage with you!
* * * LOW HITPOINT WARNING * * *
You hit the ice statue.
The ice statue is heavily damaged.
Your magical infusion is running out.
Your spectral weapon is engulfed in freezing vapours.
Your spectral weapon shares its damage with you!
Your spectral weapon completely misses the ice statue.
* * * LOW HITPOINT WARNING * * *
Your spectral weapon is engulfed in freezing vapours.
Your spectral weapon shares its damage with you!
* * * LOW HITPOINT WARNING * * *
The ice beast misses you.
You puncture the ice statue!
The ice statue is severely damaged.
Your spectral weapon is engulfed in freezing vapours.
Your spectral weapon fades away.
The ice statue throws cold at you. The bolt of cold hits you!
You die...

##### ##...### ##
#......## ..
#..##...## #.
#...##...### .###
##..####...####...#
#####§§####...##Y8.#
##.##§#§§###.÷##.@§#
#.#..#.§§§##..###..#
##.#.##§§##..####.§#
#)#.##..##....#..§##
#####..####.#..§.##
##.## ######## ##..#
#...## ##...#


You could see an ice statue and an ice beast.

Vanquished Creatures
  A centaur skeleton (D:11)
  2 trolls
  3 polar bears (IceCv)
  A blink frog (D:11)
  The ghost of Britaniac the Magician, an amateur DEWz (D:4)
  6 yaks (IceCv)
  A deep elf mage (D:7)
  A wyvern (D:8)
  A wolf (IceCv)
  A wasp (D:7)
  5 sky beasts
  3 orc warriors
  4 ogres
  An eye of draining (D:9)
  2 phantoms
  3 ice beasts
  A necrophage (D:4)
  5 centaurs
  6 giant frogs
  2 scorpions (D:7)
  4 killer bees (D:10)
  5 wights (D:6)
  7 crimson imps
  A wasp zombie (D:9)
  5 hounds
  An iguana (D:9)
  2 jellies
  7 orc wizards
  4 orc priests
  8 worker ants
  3 giant frog skeletons
  Terence (D:2)
  A killer bee zombie (D:6)
  A hound skeleton (D:4)
  A worker ant zombie (D:10)
  12 adders
  3 gnolls (D:7)
  2 shadow imps
  12 white imps (D:12)
  An adder zombie (D:7)
  7 worms
  2 adder skeletons
  12 giant geckos
  20 orcs
  10 bats
  5 hobgoblins
  12 jackals
  11 kobolds
  6 quokkas
  9 ball pythons (D:2)
  5 giant cockroaches
  4 giant newts
  5 goblins
  3 quokka skeletons
  A quokka zombie (D:5)
  8 rats
  A plant (D:11)
252 creatures vanquished.

Vanquished Creatures (others)
  2 polar bears (IceCv)
  A yak (IceCv)
  3 spectral weapons
6 creatures vanquished.

Grand Total: 258 creatures vanquished

Notes
Turn   | Place    | Note
--------------------------------------------------------------
     0 | D:1      | abixa the Ogre Skald began the quest for the Orb.
     0 | D:1      | Reached XP level 1. HP: 22/22 MP: 3/3
   292 | D:1      | Reached skill level 3 in Maces & Flails
   559 | D:1      | Reached XP level 2. HP: 29/29 MP: 1/5
  1008 | D:2      | Reached skill level 4 in Maces & Flails
  1008 | D:2      | Reached XP level 3. HP: 9/37 MP: 0/7
  1079 | D:2      | Learned a level 2 spell: Song of Slaying
  1083 | D:2      | Learned a level 3 spell: Spectral Weapon
  1278 | D:2      | Noticed Terence
  1308 | D:2      | Killed Terence
  1481 | D:2      | Found a faded altar to an unknown god.
  1620 | D:2      | Found a white marble altar of Elyvilon.
  1623 | D:2      | Found a blossoming altar of Fedhas.
  1632 | D:2      | Found a sacrificial altar of Ru.
  1697 | D:2      | Reached XP level 4. HP: 43/45 MP: 8/8
  1918 | D:2      | Reached skill level 5 in Maces & Flails
  2121 | D:2      | Reached XP level 5. HP: 46/54 MP: 4/9
  2168 | D:2      | Found a glowing silver altar of Zin.
  2261 | D:3      | Found a burning altar of Makhleb.
  2660 | D:3      | Reached skill level 1 in Hexes
  3314 | D:4      | Noticed an ogre
  3428 | D:4      | Noticed Britaniac's ghost (amateur DEWz)
  3910 | D:4      | Killed Britaniac's ghost
  3910 | D:4      | Reached skill level 6 in Maces & Flails
  3910 | D:4      | Reached XP level 6. HP: 14/65 MP: 6/10
  4262 | D:4      | Reached skill level 5 in Fighting
  4281 | D:4      | Reached skill level 7 in Maces & Flails
  4304 | D:4      | Killed an ogre
  4304 | D:4      | Reached XP level 7. HP: 48/72 MP: 4/11
  4308 | D:4      | Learned a level 2 spell: Shroud of Golubria
  4446 | D:4      | Found an iron altar of Okawaru.
  4753 | D:4      | Became a worshipper of Warmaster Okawaru
  5105 | D:4      | Noticed a phantom
  5123 | D:4      | Killed a phantom
  5123 | D:4      | Reached skill level 8 in Maces & Flails
  5202 | D:4      | Noticed an ogre
  5209 | D:4      | Killed an ogre
  5516 | D:5      | Entered Level 5 of the Dungeon
  5538 | D:5      | Found a radiant altar of Vehumet.
  5538 | D:5      | Found a shimmering altar of Xom.
  5539 | D:5      | Found a bloodstained altar of Trog.
  5571 | D:5      | Found a glowing golden altar of the Shining One.
  5667 | D:5      | Found a staircase to the Ecumenical Temple.
  5674 | Temple   | Entered the Ecumenical Temple
  5714 | D:5      | Found Muluy's General Store.
  5740 | D:5      | Reached skill level 9 in Maces & Flails
  5740 | D:5      | Reached XP level 8. HP: 23/84 MP: 9/12
  6035 | D:5      | Bought a scroll of identify for 30 gold pieces
  6035 | D:5      | Bought a scroll of identify for 30 gold pieces
  6035 | D:5      | Bought a potion of heal wounds for 75 gold pieces
  6057 | D:5      | Reached * piety under Okawaru
  6333 | D:5      | Reached skill level 1 in Invocations
  7153 | D:6      | Reached skill level 10 in Maces & Flails
  7846 | D:6      | Reached skill level 11 in Maces & Flails
  8159 | D:7      | Learned a level 3 spell: Regeneration
  8205 | D:7      | Reached XP level 9. HP: 96/96 MP: 10/13
  8860 | D:7      | Reached ** piety under Okawaru
  9058 | D:7      | Reached skill level 12 in Maces & Flails
  9138 | D:7      | Found a deep blue altar of Sif Muna.
  9816 | D:8      | Noticed Erica
  9820 | D:8      | Noticed JustSomeDude's ghost (novice DsMo)
 10522 | D:7      | Reached skill level 13 in Maces & Flails
 10743 | D:8      | Reached skill level 10 in Fighting
 11405 | D:9      | Found a blossoming altar of Fedhas.
 11436 | D:9      | Reached *** piety under Okawaru
 11436 | D:9      | Reached XP level 10. HP: 88/110 MP: 10/14
 11564 | D:9      | Found a shattered altar of Ashenzari.
 11944 | D:10     | Entered Level 10 of the Dungeon
 12370 | D:10     | Reached skill level 14 in Maces & Flails
 12374 | D:10     | Reached **** piety under Okawaru
 12992 | D:11     | Found a staircase to the Orcish Mines.
 13001 | D:11     | Found a roughly hewn altar of Beogh.
 13086 | D:11     | Found a staircase to the Lair.
 13262 | D:11     | Found Ihesob's Elemental Accessories.
 13503 | Lair:1   | Entered Level 1 of the Lair of Beasts
 13691 | D:12     | Found a frozen archway.
 13724 | D:12     | Learned a level 4 spell: Cause Fear
 13920 | IceCv    | Entered an ice cave
 13930 | IceCv    | Reached ***** piety under Okawaru
 13932 | IceCv    | Reached XP level 11. HP: 81/120 MP: 12/15
 14454 | IceCv    | Noticed an ice statue
 14512 | IceCv    | Reached skill level 5 in Hexes
 14549 | IceCv    | Killed from afar by an ice statue

Action                   |  1- 3 |  4- 6 |  7- 9 | 10-12 || total
-------------------------+-------+-------+-------+-------++-------
Melee: Mace              |    68 |       |       |       ||    68
       Morningstar       |    15 |   149 |   222 |   225 ||   611
       Dire flail        |       |       |   166 |       ||   166
 Fire: Hunting sling     |       |       |    19 |       ||    19
Throw: Stone             |    12 |     4 |     1 |     2 ||    19
       Large rock        |       |       |    15 |       ||    15
       Tomahawk          |       |       |       |     2 ||     2
 Cast: Infusion          |    12 |    19 |    34 |     8 ||    73
       Song of Slaying   |       |       |     1 |       ||     1
       Spectral Weapon   |       |       |     1 |    13 ||    14
  Use: Scroll            |       |       |     9 |     1 ||    10
 Stab: Sleeping          |       |     1 |       |       ||     1
  Eat: Chunk             |     3 |     4 |    14 |    11 ||    32
       Beef jerky        |       |     2 |       |       ||     2
       Meat ration       |       |       |     2 |       ||     2
